 Dungeon Crawl Stone Soup version 0.27.0-1-g7a089689b8 (webtiles) character file.

Game seed: 16004579573415302994

10145 Krom the Thaumaturge (level 11, -3/60 HPs)
             Began as a Gargoyle Earth Elementalist on Aug 14, 2021.
             Was an Initiate of Vehumet.
             Shot with an arrow by a centaur warrior (13 damage)
             ... on level 10 of the Dungeon.
             The game lasted 00:51:13 (16388 turns).

Krom the Thaumaturge (Gargoyle Earth Elementalist) Turns: 16388, Time: 00:51:13

Health: -3/60      AC: 17    Str: 18    XL:     11   Next: 57%
Magic:  26/26      EV: 27    Int: 19    God:    Vehumet [......]
Gold:   319        SH:  0    Dex: 10    Spells: 28/32 levels left

rFire    . . .     SeeInvis .   K - +6 spear
rCold    . . .     Faith    .   (no shield)
rNeg     + . .     Spirit   .   y - +2 robe {Archmagi}
rPois    ∞         Reflect  .   (no helmet)
rElec    +         Harm     .   H - +0 cloak
rCorr    .         Rampage  .   (no gloves)
Will     .....     Archmagi +   (no boots)
Stlth    ++........             r - amulet of the acrobat
HPRegen  0.20/turn              t - +4 ring of protection
MPRegen  0.20/turn              D - +6 ring of strength

@: acrobatic, studying Fighting
A: sickness immunity, AC +8, negative energy resistance 1, electricity
resistance, torment resistance 1, petrification resistance
a: Renounce Religion


You were on level 10 of the Dungeon.
You worshipped Vehumet.
Vehumet was noncommittal.
You visited 2 branches of the dungeon, and saw 11 of its levels.
You also visited: Bailey.

You collected 582 gold pieces.
You spent 263 gold pieces at shops.

Inventory:

Hand Weapons
 E - a +6 dire flail of protection
 K - a +6 spear (weapon)
 O - the +5 war axe of Interdependent Arising {protect, rF- Str+6}
   (You found it on level 9 of the Dungeon)

   It grants its wielder temporary protection when it strikes (+7 to AC).
   Str:       It affects your strength (+6).
   rF:        It makes you vulnerable to fire.
Missiles
 c - 83 stones
 f - 7 boomerangs
 j - 9 sling bullets
 k - 35 poisoned darts
 s - 118 arrows
 v - a throwing net
 w - 27 bolts
 G - 3 curare-tipped darts
 P - 22 javelins
Armour
 y - a +2 robe of the Archmagi (worn)
 H - a +0 cloak (worn)
Magical Staves
 N - a staff of earth
Jewellery
 r - an amulet of the acrobat (around neck)
 t - a +4 ring of protection (left hand)
 D - a +6 ring of strength (right hand)
Wands
 e - a wand of mindburst (15)
 A - a wand of paralysis (2)
Scrolls
 h - 3 scrolls of enchant weapon
 l - 6 scrolls of identify {unknown}
 o - 2 scrolls of vulnerability {unknown}
 q - a scroll of summoning {unknown}
 u - 4 scrolls of fog {unknown}
 x - 2 scrolls of teleportation {unknown}
 B - a scroll of fear {unknown}
 C - a scroll of blinking {unknown}
 T - 2 scrolls of enchant armour
 V - a scroll of noise {unknown}
Potions
 a - 2 potions of berserk rage {unknown}
 b - a potion of invisibility {unknown}
 d - 2 potions of heal wounds {unknown}
 g - 6 potions of haste {unknown}
 i - 2 potions of lignification {unknown}
 m - a potion of cancellation {unknown}
 n - 6 potions of curing {unknown}
 p - 3 potions of attraction {unknown}
 z - a potion of ambrosia {unknown}
 F - 2 potions of might {unknown}
 J - a potion of degeneration {unknown}
 L - a potion of flight {unknown}
 W - a potion of brilliance {unknown}


   Skills:
 + Level 3.6 Fighting
 + Level 2.6 Staves
 + Level 2.7 Dodging
 + Level 4.0 Stealth
 * Level 11.1 Spellcasting
 + Level 8.8 Conjurations
 - Level 0.7 Transmutations
 + Level 10.7 Earth Magic
 + Level 2.2 Evocations


You had 28 spell levels left.
You knew the following spells:

 Your Spells              Type           Power      Damage    Failure   Level
a - Sandblast             Erth           100%       2d20      1%          1
b - Stone Arrow           Conj/Erth      100%       3d13      1%          3

Your spell library contained the following spells:

 Spells                   Type           Power      Damage    Failure   Level
 Passwall                 Tmut/Erth      40%        N/A       1%          2
 Conjure Flame            Conj/Fire      41%        6-21      3%          3
 Beastly Appendage        Tmut           38%        N/A       4%          1
 Petrify                  Tmut/Erth      48%        N/A       6%          4
 Wereblood                Tmut           19%        N/A       8%          2
 Corpse Rot               Necr/Air       N/A        N/A       10%         2
 Poisonous Vapours        Pois/Air       30%        N/A       10%         2
 Spider Form              Tmut/Pois      8%         N/A       17%         3
 Irradiate                Conj/Tmut      21%        3d21      26%         5
 Freezing Cloud           Conj/Ice/Air   16%        6-21      50%         5


Dungeon Overview and Level Annotations

Branches:
Dungeon (10/15)            Temple (1/1) D:6            Lair (0/6) D:8
 Bailey (visited)
    Orc: D:9-12

Altars:
Ashenzari
Cheibriados
Dithmenos
Elyvilon
Fedhas
Gozag
Hepliaklqana
Kikubaaqudgha
Makhleb
Nemelex Xobeh
Okawaru
Qazlal
Ru
Sif Muna
Trog
Uskayaw
Vehumet
Wu Jian
Xom
Yredelemnul
Zin
The Shining One

Shops:
D:1 *

Portals:
Trove: D:10 (give +4 fire dragon scales)

Annotations:
D:7 2 transporters, MoonlitKnight's ghost, novice HOFi


Innate Abilities, Weirdness & Mutations

You are immune to sickness and miasma.
Your stone body is resilient. (AC +8)
You are immune to poison.
You resist negative energy. (rN+)
You are resistant to electric shocks. (rElec)
You are resistant to unholy torment.
You are immune to petrification.


Message History

You feel a surge of power!
The stone arrow hits the yak!
The yak is moderately wounded.
You feel a surge of power!
The stone arrow hits the yak!!
The yak is almost dead.
You feel a surge of power!
The stone arrow misses the yak.
The yak gores you but does no damage.
You feel a surge of power!
The stone arrow hits the yak!!
You kill the yak!
Vehumet accepts your kill.
Your Stealth skill increases to level 4!
Things that are here:
a yak corpse; a yak corpse
k - 34 poisoned darts (gained 1)
k - 35 poisoned darts (gained 1)
There is an open door here.
You open the door.
Found a portal to a secret trove of treasure.
Press: ? - help, v - describe, . - travel A portal to a secret trove of treasure.
There is an open door here.
There is an open door here.
A centaur warrior comes into view.
The centaur warrior shouts!
The centaur warrior wields a +0 longbow.
The centaur warrior shoots an arrow.
The arrow hits you!!
Ouch! That really hurt!
Unknown command.
Unknown command.
Unknown command.
The centaur warrior shoots an arrow.
The arrow closely misses you.
The centaur warrior shoots an arrow.
The arrow hits you!
The centaur warrior shoots an arrow.
The arrow hits you!
* * * LOW HITPOINT WARNING * * *
As you read the scroll labelled SUARUTTUOC, it crumbles to dust.
It is a scroll of enchant weapon.
Your +5 spear glows red for a moment.
The centaur warrior shoots an arrow.
The arrow hits you but does no damage.
Unknown command.
The centaur warrior shoots an arrow.
The arrow hits you!
You die...

#.## ###### #.#.
######## ##....###.#.
#...#..#####.........#.
#.∩.#....).#...........
#...#..###.#.........##
##'##..# #.#...........
#§.≈#..# #.########....
#§§.#.@# #.............
#§§§#..# #######.......
##§##..# #....... ...#
#.##..# #....... #..#
#.....# #....... #..#
####..#########.......
##..#
#...†...........≈≈≈
#####...#
#..c............≈≈≈
#.......#
#..................


You could see a centaur warrior.

Vanquished Creatures
  A vault guard (D:10)
  A hydra (D:6)
  A two-headed ogre (D:10)
  Maurice (D:8)
  Maggie (D:8)
  The ghost of MoonlitKnight the Ruffian, an amateur TrHu (D:5)
  Grinder (D:5)
  Sigmund (D:4)
  9 yaks
  A wyvern (D:6)
  Grum (D:8)
  Edmund (D:6)
  Menkaure (D:7)
  3 steam dragons
  12 orc warriors
  2 ice beasts
  2 ogres (D:5)
  11 centaurs
  4 necrophages
  4 wolves (D:8)
  A kobold brigand (D:8)
  2 bullfrogs
  2 scorpions
  A wyvern skeleton (D:7)
  5 wights (D:8)
  5 howler monkeys
  A human zombie (D:4)
  4 centaur zombies
  6 hounds
  A jelly (D:6)
  4 orc priests
  2 centaur skeletons (D:6)
  5 orc wizards
  A scorpion zombie (D:4)
  2 hound zombies (D:4)
  5 mummies (D:4)
  2 howler monkey zombies
  12 adders
  An adder zombie (D:5)
  An adder skeleton (D:4)
  2 worms (D:2)
  4 dart slugs
  45 orcs
  2 bats (D:1)
  9 endoplasms
  4 giant cockroaches
  9 goblins
  9 hobgoblins
  15 kobolds
  5 quokkas
  4 ball pythons
  A frilled lizard (D:3)
  A quokka zombie (D:4)
  5 rats
237 creatures vanquished.

Notes
Turn   | Place    | Note
-------+----------+-------------------------------------------
     0 | D:1      | Krom the Gargoyle Earth Elementalist began the quest for
                  | the Orb.
     0 | D:1      | Reached XP level 1. HP: 10/10 MP: 3/3
   240 | D:1      | Found Jaed's Assorted Antiques.
   422 | D:1      | Reached XP level 2. HP: 11/15 MP: 5/5
   919 | D:1      | Reached XP level 3. HP: 19/19 MP: 7/7
   923 | D:1      | Learned a level 3 spell: Stone Arrow
  1371 | D:2      | Reached skill level 3 in Spellcasting
  1798 | D:2      | Found a faded altar of an unknown god.
  2890 | D:3      | Reached XP level 4. HP: 24/24 MP: 9/9
  2982 | D:3      | Found an opulent altar of Gozag.
  2992 | D:3      | Found a shimmering altar of Xom.
  3804 | D:3      | Reached skill level 4 in Spellcasting
  3804 | D:3      | Reached XP level 5. HP: 19/28 MP: 9/11
  4757 | D:4      | Reached skill level 5 in Earth Magic
  4822 | D:4      | Reached skill level 1 in Conjurations
  5211 | D:4      | Reached XP level 6. HP: 32/32 MP: 7/12
  5299 | D:4      | Noticed a necrophage
  5302 | D:4      | Killed a necrophage
  5409 | D:4      | Reached skill level 5 in Spellcasting
  5438 | D:4      | Noticed a necrophage
  5441 | D:4      | Killed a necrophage
  5442 | D:4      | Reached XP level 7. HP: 36/36 MP: 6/14
  5558 | D:4      | Found a basalt altar of Yredelemnul.
  5995 | D:4      | Noticed Sigmund
  5998 | D:4      | Killed Sigmund
  6337 | D:1      | Bought a lumpy coppery potion for 27 gold pieces
  6337 | D:1      | Bought a fizzy white potion for 27 gold pieces
  6337 | D:1      | Bought a red potion for 27 gold pieces
  6337 | D:1      | Bought a dark potion for 27 gold pieces
  6513 | D:5      | Entered Level 5 of the Dungeon
  6539 | D:5      | Reached skill level 6 in Spellcasting
  6838 | D:5      | Identified the +3 plate armour of Defiance {rPois}
  6914 | D:5      | Reached XP level 8. HP: 41/41 MP: 2/17
  7119 | D:5      | Found a bloodstained altar of Trog.
  7335 | D:5      | Noticed Grinder
  7350 | D:5      | Found a runed translucent door.
  7351 | D:5      | Noticed MoonlitKnight's ghost (amateur TrHu)
  8177 | D:6      | Noticed Edmund
  8184 | D:6      | Killed Edmund
  8185 | D:6      | Reached skill level 7 in Spellcasting
  8323 | D:6      | Found a staircase to the Ecumenical Temple.
  8331 | D:6      | Got Wigiqell's Catalogue of Ignition and Shape Shifting
  8334 | Temple   | Entered the Ecumenical Temple
  8709 | D:6      | Noticed an eight-headed hydra
  8723 | D:7      | Found a transporter.
  8723 | D:7      | Found a transporter.
  8723 | D:7      | Noticed MoonlitKnight's ghost (novice HOFi)
  8723 | D:7      | Noticed Menkaure
  8726 | D:7      | Killed Menkaure
  8726 | D:7      | Noticed a shadow
  8846 | D:7      | Reached skill level 5 in Conjurations
  8974 | D:7      | Reached XP level 9. HP: 12/45 MP: 1/20
  9309 | D:7      | Reached skill level 8 in Spellcasting
  9474 | D:7      | Found a glowing silver altar of Zin.
 10445 | D:6      | Killed an eight-headed hydra
 10446 | D:6      | Reached skill level 9 in Spellcasting
 10446 | D:6      | Reached XP level 10. HP: 50/50 MP: 12/23
 10767 | D:5      | Killed Grinder
 10831 | D:5      | Found a runed translucent door.
 10857 | D:5      | Killed MoonlitKnight's ghost
 11150 | D:8      | Found a staircase to the Lair.
 11164 | D:8      | Found a burning altar of Makhleb.
 11195 | D:8      | Noticed Grum
 11197 | D:8      | Killed Grum
 11359 | D:8      | Reached skill level 10 in Spellcasting
 11555 | D:8      | Noticed Maurice
 11570 | D:8      | Killed Maurice
 11664 | D:8      | Found a snail-covered altar of Cheibriados.
 11958 | D:8      | Noticed Maggie
 11964 | D:8      | Killed Maggie
 11965 | D:8      | Reached skill level 10 in Earth Magic
 12527 | D:9      | Found a flagged portal.
 12546 | D:9      | Identified the +5 war axe of Interdependent Arising
                  | {protect, rF- Str+6}
 12669 | Bailey   | Entered a bailey
 13494 | Bailey   | Reached skill level 1 in Fighting
 13494 | Bailey   | Reached skill level 1 in Staves
 13572 | Bailey   | Reached skill level 1 in Evocations
 13572 | Bailey   | Reached XP level 11. HP: 56/56 MP: 9/25
 14949 | D:1      | Bought a dented silver amulet for 155 gold pieces
 15187 | D:10     | Entered Level 10 of the Dungeon
 15205 | D:10     | Noticed a two-headed ogre
 15259 | D:10     | Killed a two-headed ogre
 15464 | D:10     | Found an iron altar of Okawaru.
 15466 | D:10     | Found an ancient bone altar of Kikubaaqudgha.
 15467 | D:10     | Found a hide-covered altar of Uskayaw.
 15467 | D:10     | Found a hazy altar of Hepliaklqana.
 15629 | D:10     | Found a radiant altar of Vehumet.
 15637 | D:10     | Became a worshipper of Vehumet
 15820 | D:10     | Found a broken altar of Ashenzari.
 15834 | D:10     | Reached skill level 11 in Spellcasting
 16040 | D:10     | Noticed a vault guard
 16050 | D:10     | Killed a vault guard
 16367 | D:10     | Found a portal to a secret trove of treasure.
 16379 | D:10     | Noticed a centaur warrior
 16388 | D:10     | Shot with an arrow by a centaur warrior

Illustrated notes

Levels and vault maps discovered:
D:1:      minmay_arrival_hallway, layout_loops_ring, serial_shops, shop,
          serial_glass, glass_columns_b, glass_columns_a
D:2:      layout_basic, ebering_ecumenical_altar_mist, lemuel_old_faithful
D:3:      wad_crossroads, layout_basic, amethyst_overflow_temple_binary
D:4:      layout_basic, lemuel_mausoleum_altar_yredelemnul, sigmund_army
D:5:      layout_basic, lemuel_doored_altar, ebering_ghost_sewer_f,
          chequers_serial_rivers_micro_b, uniq_grinder
D:6:      layout_cave_pods, minmay_temple_entry_offerings,
          serial_co_window_serial, co_window_of_opportunity_a,
          co_window_paths_b, co_window_corner_a, co_window_corner_a,
          co_window_paths_a, co_window_of_opportunity_b,
          co_window_of_opportunity_b, co_window_unsneaky_path_e,
          co_window_of_opportunity_b, co_window_cross_2, co_window_broadway_c,
          co_window_sun, glass_columns_a, glass_columns_a, kb_rosetta,
          uniq_edmund
D:7:      layout_rooms, zin_treasury, gammafunk_ghost_arena,
          minmay_misc_feat_pillars, amcnicky_mini_rare_corridor_liquid,
          uniq_menkaure
D:8:      layout_loops_ring, mainiacjoe_overflow_concentric_impassable,
          mainiacjoe_overflow_surrounded_room, lair_entry_dummy, uniq_maurice,
          uniq_grum, uniq_maggie
D:9:      layout_basic, enter_bailey_2, hangedman_abyss_or_decor_lesser_grid
D:10:     layout_long_grid, evilmike_ruin_ashenzari,
          chequers_temple_overflow_statue_of_worship,
          mainiacjoe_overflow_chevrons, enter_trove_5, serial_co_window_serial,
          co_window_corner_a, co_window_of_opportunity_a, co_window_paths_b,
          co_window_paths_b, co_window_paths_a, co_window_unsneaky_path_c,
          co_window_of_opportunity_b, co_window_corner_b, co_window_2corner,
          co_window_4corner_b, co_window_4corner_a, glass_columns_b,
          glass_columns_b, glass_columns_c
Temple:   compressed_dpeg_triangle_lava_temple

Skill      XL: |  1  2  3  4  5  6  7  8  9 10 11 |
---------------+----------------------------------+-----
Earth Magic    | 4 5 6 7 9 10 | 10.7
Spellcasting   | 3 4 5 6 7 9 10 11 | 11.1
Conjurations   | 1 2 3 5 6 8 |  8.8
Fighting       | 1 3 |  3.6
Staves         | 1 2 |  2.6
Dodging        | 2 |  2.7
Evocations     | 1 2 |  2.2
Stealth        | 4 |  4.0
Transmutations | |  0.7

Action                   |  1- 3 |  4- 6 |  7- 9 | 10-12 || total
-------------------------+-------+-------+-------+-------++-------
Melee: Dagger            |   139 |   108 |    21 |       ||   268
       Spear             |       |       |       |    12 ||    12
       War axe           |       |       |       |     7 ||     7
Throw: Dart              |       |     3 |     2 |     4 ||     9
 Cast: Sandblast         |    22 |    42 |    16 |    40 ||   120
       Stone Arrow       |       |     6 |    87 |   159 ||   252
  Use: Scroll            |       |       |       |     1 ||     1
 Stab: Sleeping          |     6 |     7 |     1 |       ||    14
Armor: Robe              |    52 |    31 |    14 |    22 ||   119
Dodge: Dodged            |    82 |    51 |    26 |    51 ||   210
